 Dungeon Crawl Stone Soup version 0.17-a0-1731-g129c023 (webtiles) character file.

137 Kaesh the Skirmisher (level 5, -1/70 HPs)
             Began as a Minotaur Berserker on Aug 29, 2015.
             Was a Priest of Trog.
             Slain by a gnoll
             ... wielding a +0 spear
              (5 damage)
             ... on level 3 of the Dungeon.
             The game lasted 00:07:39 (1840 turns).

Kaesh the Skirmisher (Minotaur Berserker)           Turns: 1840, Time: 00:07:39

Health: -1/70      AC:  6    Str: 27    XL:     5   Next: 0%
Magic:  4/4        EV: 11    Int:  4    God:    Trog [***...]
Gold:   138        SH:  0    Dex: 10    Spells: 0 memorised, 4 levels left

rFire  . . .     SeeInvis .     a - +0 hand axe
rCold  . . .     Clarity  .     k - +0 scale mail
rNeg   . . .     SustAt   .     (no shield)
rPois  .         Gourm    .     (helmet restricted)
rElec  .         Spirit   .     (no cloak)
rCorr  .         Warding  .     (no gloves)
rMut   .         Stasis   .     (no boots)
MR     .....                    (no amulet)
Stlth  ..........               (no ring)
                                (no ring)

@: berserking, lethally poisoned (-1 -> -2), very quick, not resistant to
hostile enchantments, extremely unstealthy
A: retaliatory headbutt, horns 2
a: Burn Spellbooks, Berserk, Trog's Hand, Renounce Religion


You were on level 3 of the Dungeon.
You worshipped Trog.
Trog was most pleased with you.
You were not hungry.

You visited 1 branch of the dungeon, and saw 3 of its levels.

You collected 138 gold pieces.

Inventory:

Hand weapons
 a - a +0 hand axe (weapon)
Armour
 b - a +0 animal skin
 k - a +0 scale mail (worn)
Magical devices
 q - a wand of slowing (22)
Scrolls
 d - 3 scrolls of enchant weapon {unknown}
 e - 5 scrolls of remove curse {unknown}
 l - a scroll of teleportation {unknown}
 n - a scroll of random uselessness {unknown}
 p - 2 scrolls of amnesia {unknown}
Potions
 i - a potion of degeneration {unknown}
 m - 2 potions of might {unknown}
 o - a potion of haste {unknown}
Comestibles
 c - a bread ration
 f - 3 beef jerkies
 g - a slice of pizza
 h - a meat ration
 j - 5 chunks of flesh


   Skills:
 + Level 4.9 Fighting
 + Level 4.8 Axes
 + Level 2.8 Armour
 + Level 3.5 Dodging


You had 4 spell levels left.
You didn't know any spells.

Dungeon Overview and Level Annotations

Branches:
Dungeon (3/15)

Altars:


Innate Abilities, Weirdness & Mutations

You reflexively headbutt those who attack you in melee.
You have a pair of horns on your head.


Message History

Trog accepts your kill.
You hit the goblin.
You kill the goblin!
Trog accepts your kill.
Your scale mail prevents you from hitting the goblin.
You headbutt the goblin.
You kill the goblin!
Trog accepts your kill.
You have reached level 5!
The gnoll completely misses you.
Firing (i - inventory): No suitable missiles.
Press: ? - help, Shift-Dir - straight line, f - gnoll
Aim: a gnoll, wielding a spear
Okay, then.
Use which ability? (? or * to list)
A red film seems to cover your vision as you go berserk!
You feel yourself moving faster!
You feel mighty!
You feel somewhat more hungry.
The gnoll hits you from afar with a spear.
You die...

# .# .# ##+#
#####.### #...#
#.......## .....#
#........# ......#
#.).#.#..#
......g###.<...#
......gg†@.....#
......g###).......#
......# #)#.######
.....# #.### #...#
#.# ##+# #.# #.#
#.#


You could see 4 gnolls.

Vanquished Creatures
  Natasha (D:3)
  Robin (D:2)
  3 adders
  An ooze (D:1)
  A worm (D:2)
  A giant gecko (D:1)
  4 bats
  2 giant cockroaches (D:1)
  7 hobgoblins
  9 jackals
  7 kobolds
  4 giant newts
  18 goblins
  9 rats
68 creatures vanquished.

Notes
Turn   | Place    | Note
--------------------------------------------------------------
     0 | D:1      | Kaesh the Minotaur Berserker began the quest for the Orb.
     0 | D:1      | Reached XP level 1. HP: 19/19 MP: 0/0
    70 | D:1      | Reached skill level 4 in Axes
    73 | D:1      | Reached XP level 2. HP: 27/27 MP: 1/1
   696 | D:1      | Acquired Trog's second power
   696 | D:1      | Reached XP level 3. HP: 33/33 MP: 2/2
  1073 | D:2      | Noticed Robin
  1090 | D:2      | Killed Robin
  1402 | D:2      | Reached XP level 4. HP: 36/41 MP: 3/3
  1800 | D:3      | Noticed Natasha
  1806 | D:3      | Killed Natasha
  1837 | D:3      | HP: 2/41 [poisoned by an adder]
  1839 | D:3      | Reached XP level 5. HP: 2/47 MP: 4/4
  1840 | D:3      | Slain by a gnoll

Vault maps used:
D:1:      dpeg_arrival_rooms_b, roderic_bipointed_swastika
D:2:      kennysheep_the_goblin_king, uniq_robin
D:3:      portal_sewer_entry_a, uniq_crazy_yiuf_cottage, uniq_natasha

Action                   |  1- 3 |  4- 6 || total
-------------------------+-------+-------++-------
Melee: Hand axe          |   107 |    29 ||   136
Invok: Berserk           |     2 |     2 ||     4
  Eat: Chunk             |     4 |     2 ||     6
